 Dungeon Crawl Stone Soup version 0.31-a0-981-geadf994542 (webtiles) character file.

Game seed: 16876671939155239459

89 Hooloovoo the Sneak (level 4, -2/27 HPs)
             Began as an Octopode Fire Elementalist on Nov 2, 2023.
             Was an Initiate of Dithmenos.
             Killed from afar by horus123's ghost (6 damage)
             ... with a magic dart
             ... on level 3 of the Dungeon.
             The game lasted 00:23:49 (2345 turns).

Hooloovoo the Sneak (Octopode Fire Elementalist)    Turns: 2345, Time: 00:23:50

Health: -2/27      AC:  1    Str:  7    XL:     4   Next: 55%
Magic:  7/7        EV: 13    Int: 19    God:    Dithmenos [......]
Gold:   189        SH:  0    Dex: 12    Spells: 7/8 levels left

rFire   . . .        b - staff of earth
rCold   . . .        (no shield)
rNeg    + . .        (helmet restricted)
rPois   .            (no amulet)
rElec   .            k - ring of positive energy
rCorr   .            (no ring)
SInv    .            (no ring)
Will    +....        (no ring)
Stlth   +++          (no ring)
HPRegen 0.24/turn    (no ring)
MPRegen 0.10/turn    (no ring)
                     (no ring)

%: no passive effects
@: lethally poisoned (-2 -> -4), enlightened, flying
A: almost no armour, amphibious, 8 rings, camouflage 1, gelatinous body 1,
(nimble swimmer 1), tentacles
a: Renounce Religion


You were on level 3 of the Dungeon.
You worshipped Dithmenos.
Dithmenos was noncommittal.
You visited 1 branch of the dungeon, and saw 3 of its levels.

You collected 189 gold pieces.

Inventory:

Hand Weapons
 r - a +0 trident
 s - a +3 dagger
Armour
 i - a +1 pair of boots
Magical Staves
 b - a staff of earth (weapon)
Jewellery
 k - a ring of positive energy (left tentacle)
Scrolls
 d - a scroll of amnesia {unknown}
 e - 3 scrolls of poison {unknown}
 f - 2 scrolls of teleportation {unknown}
 j - 3 scrolls of identify {unknown}
 l - a scroll of immolation {unknown}
 n - a scroll of enchant weapon {unknown}
 o - a scroll of fear {unknown}
 q - a scroll of silence {unknown}
Potions
 a - 2 potions of magic
 c - a potion of invisibility {unknown}
 g - a potion of might {unknown}
 h - 2 potions of mutation {unknown}
 m - a potion of cancellation {unknown}
 p - a potion of enlightenment


   Skills:
 + Level 0.7 Fighting
 + Level 1.2 Staves
 + Level 2.2 Dodging
 + Level 4.0 Stealth
 + Level 2.6 Spellcasting
 + Level 1.5 Conjurations
 + Level 3.3 Fire Magic


You had 7 spell levels left.
You knew the following spells:

 Your Spells              Type           Power      Damage    Failure   Level
a - Foxfire               Conj/Fire      44%        2x1d6     6%          1

Your spell library contained the following spells:

 Spells                   Type           Power      Damage    Failure   Level
 Scorch                   Fire           30%        2d6       6%          2
 Inner Flame              Hex/Fire       8%         N/A       24%         3
 Volatile Blastmotes      Fire/Tloc      16%        2d11      24%         3
 Flame Wave               Conj/Fire      11%        2d6       50%         4


Dungeon Overview and Level Annotations

Branches:
Dungeon (3/15)

Altars:
Dithmenos

Annotations:
D:3 horus123's ghost, amateur DECj


Innate Abilities, Weirdness & Mutations

You cannot wear most types of armour.
You are amphibious.
You can wear up to eight rings at the same time.
Your skin changes colour to match your surroundings (Stealth+).
Your rubbery body absorbs attacks. (AC +1, EV +1)
((You are camouflaged when in or above water. (Stealth+)))
You have tentacles for arms and can constrict up to eight enemies at once.


Message History

You hit the quokka. Your squeeze misses the quokka.
The quokka is severely wounded.
You constrict the quokka, but do no damage.
The quokka bites you. The quokka completely misses you.
You hit the quokka but do no damage.
Your tentacle-slap misses the quokka.
The quokka is severely wounded.
You constrict the quokka.
You kill the quokka!
Dithmenos accepts your kill. The adder bites you.
Hit: b) staff of earth
Press: ? - help, Dir - move target, f - adder
Aim: an adder (about 58% to evade your staff of earth)
You completely miss the adder. Your grab misses the adder.
You squeeze the adder!
The adder is severely wounded.
The adder misses you.
You hit the adder. Your grab misses the adder. Your squeeze misses the adder.
The adder is almost dead.
The adder misses you. The adder bites you.
You are poisoned.
The adder poisons you!
You barely miss the adder. Your grab misses the adder.
The adder is almost dead.
You feel sick. The adder barely misses you.
You hit the adder. Your grab misses the adder.
The adder is almost dead.
You feel sick. The adder misses you.
Hit: b) staff of earth
Press: ? - help, Dir - move target, f - horus123's ghost, p - adder
Aim: horus123's ghost, wielding a heavy weapon (about 47% to evade your staff of earth)
You hit horus123's ghost but do no damage.
You squeeze horus123's ghost, but do no damage.
You feel sick.
It was a potion of enlightenment.
You feel very buoyant.
You fly up into the air.
You feel sick. Horus123's ghost casts a spell at you. The magic dart hits you.
You die...

......#.'....#.......#...#
......###....###'''###...#
.........................#
..............B..........#
..............g###....#..#
(........#####W# ####.#..#
########## #.# #...##
#B#######..# #SW@.......#
#######.##.# #.##.# #>...#
######


You could see horus123's ghost, an adder and a giant cockroach.

Vanquished Creatures
  An adder (D:2)
  3 worms
  A dart slug (D:1)
  10 orcs (D:3)
  5 endoplasms
  A giant cockroach (D:1)
  4 goblins
  5 hobgoblins
  2 jackals (D:3)
  6 kobolds
  2 quokkas
  6 ball pythons
  2 bats
  4 frilled lizards
  5 rats
57 creatures vanquished.

Vanquished Creatures (others)
  81 foxfires
81 creatures vanquished.

Grand Total: 138 creatures vanquished

Notes
Turn   | Place    | Note
-------+----------+-------------------------------------------
     0 | D:1      | Hooloovoo the Octopode Fire Elementalist began the quest
                  | for the Orb.
     0 | D:1      | Reached XP level 1. HP: 11/11 MP: 3/3
   262 | D:1      | Reached XP level 2. HP: 17/17 MP: 1/5
   316 | D:1      | Reached skill level 3 in Stealth
   940 | D:2      | Reached XP level 3. HP: 16/21 MP: 6/6
  1052 | D:2      | Found a faded altar of an unknown god.
  1657 | D:3      | Reached XP level 4. HP: 27/27 MP: 3/7
  1739 | D:3      | Found a shadowy altar of Dithmenos.
  1743 | D:3      | Reached skill level 4 in Stealth
  1801 | D:3      | Reached skill level 1 in Staves
  1815 | D:3      | Became a worshipper of Dithmenos the Shadowed
  2164 | D:3      | Found a runed translucent gate.
  2164 | D:3      | Found a runed translucent gate.
  2164 | D:3      | Found a runed translucent gate.
  2165 | D:3      | Noticed horus123's ghost (amateur DECj)
  2345 | D:3      | Killed from afar by horus123's ghost

Illustrated notes

Levels and vault maps discovered:
D:1:      reono_arrival_mine, layout_basic, minmay_heptomino_o4
D:2:      layout_rooms, serial_bayou, serial_bayou_lagoon_b,
          serial_bayou_pond_e, serial_bayou_pond_d, serial_bayou_lagoon_a,
          serial_bayou_shore_b, hellmonk_ecumenical_altar_arch_garden,
          minmay_joined_circles
D:3:      layout_basic, nicolae_dithmenos_the_darkroom, gammafunk_ghost_split,
          hex_intersection

Skill      XL: |  1  2  3  4 |
---------------+-------------+-----
Stealth        | 3 4 |  4.0
Staves         | 1 |  1.2
Fighting       | |  0.7
Dodging        | |  2.2
Spellcasting   | |  2.6
Conjurations   | |  1.5
Fire Magic     | |  3.3

Action                     |  1- 3 |  4- 6 || total
---------------------------+-------+-------++-------
  Melee: Staff             |    67 |    30 ||    97
         Constrict         |    16 |    10 ||    26
         Tentacles         |     8 |     5 ||    13
         Punch             |     2 |       ||     2
   Cast: Foxfire           |    33 |    16 ||    49
    Use: Potion            |     1 |     1 ||     2
   Stab: Sleeping          |     4 |       ||     4
 Armour: Skin              |    27 |    16 ||    43
  Dodge: Dodged            |    39 |    22 ||    61

Table legend: (Time is in decaauts)
 A = Elapsed time spent in this place.
 B = Non-inter-level travel time spent in this place.
 C = Inter-level travel time spent in this place.
 D = Time resting spent in this place.
 E = Time spent auto-exploring this place.
 F = Levels seen in this place.
 G = Mean time per level.
                   A        B        C        D        E       F      G
               +--------+--------+--------+--------+--------+-----+--------+
         Total |   2360 |    512 |   1848 |      0 |      0 |   3 |  786.7 |
       Dungeon |   2360 |    512 |   1848 |      0 |      0 |   3 |  786.7 |
               +--------+--------+--------+--------+--------+-----+--------+

Top non-repeatable levels by time:
     D:1: 941 daAuts
     D:3: 726 daAuts
     D:2: 692 daAuts
